 Dungeon Crawl Stone Soup version 0.22.0-60-ga52c2fcf6e (webtiles) character file.

997 JedernureinKreuz the Conjurer (level 8, -2/58 HPs)
             Began as a Gnoll Conjurer on Sept 9, 2018.
             Was an Initiate of Sif Muna.
             Killed by divine providence
             ... invoked by an orc priest
              (13 damage)
             ... on level 5 of the Dungeon.
             The game lasted 00:23:23 (5349 turns).

JedernureinKreuz the Conjurer (Gnoll Conjurer)      Turns: 5349, Time: 00:23:23

Health: -2/58      AC:  4    Str: 11    XL:     8   Next: 19%
Magic:  2/16       EV: 12    Int: 20    God:    Sif Muna [......]
Gold:   179        SH:  8    Dex: 15    Spells: 10/18 levels left

rFire    + . .     SeeInvis .   D - +1 dagger (venom)
rCold    x . .     Gourm    .   j - +0 shield
rNeg     . . .     Faith    .   g - +0 leather armour
rPois    .         Spirit   .   (no helmet)
rElec    .         Reflect  .   w - +0 cloak
rCorr    .         Harm     .   (no gloves)
MR       +....                  (no boots)
Stlth    +++.......             (no amulet)
HPRegen  0.19/turn              q - ring of fire
MPRegen  0.15/turn              r - ring of protection from magic

@: no status effects
A: distributed training, fangs 1, strong nose
a: Renounce Religion


You were on level 5 of the Dungeon.
You worshipped Sif Muna.
Sif Muna was noncommittal.
You were very hungry.

You visited 2 branches of the dungeon, and saw 6 of its levels.

You collected 179 gold pieces.

Inventory:

Hand Weapons
 d - a +0 dagger
 y - a +0 short sword
 D - a +1 dagger of venom (weapon)
 I - a +0 shortbow
Missiles
 b - 146 stones
 m - 94 arrows
 t - 52 sling bullets
 x - 12 tomahawks (quivered)
 z - 32 poisoned needles
 A - 55 bolts
Armour
 a - a +0 robe
 g - a +0 leather armour (worn)
 j - a +0 shield (worn)
 w - a +0 cloak (worn)
Magical Staves
 e - an uncursed staff of power {unknown}
Jewellery
 q - a ring of fire (left hand)
 r - a ring of protection from magic (right hand)
 C - an uncursed ring of poison resistance {unknown}
 F - an uncursed ring of ice {unknown}
Wands
 v - a wand of random effects (54)
Scrolls
 f - a scroll of noise {unknown}
 k - a scroll of amnesia
 l - 2 scrolls of remove curse
 n - 2 scrolls of teleportation {unknown}
 B - a scroll of blinking {unknown}
 E - a scroll of fear {unknown}
 G - a scroll of enchant weapon {unknown}
Potions
 h - 2 potions of might
 o - 3 potions of curing
 p - a potion of mutation {unknown}
 s - a potion of brilliance {unknown}
 u - a potion of agility {unknown}
 H - a potion of resistance {unknown}
Comestibles
 c - 5 rations
 i - a chunk of flesh


   Skills:
 + Level 3.0 Fighting
 + Level 3.0 Short Blades
 + Level 3.0 Long Blades
 + Level 3.0 Axes
 + Level 3.0 Maces & Flails
 + Level 3.0 Polearms
 + Level 3.0 Staves
 + Level 3.0 Slings
 + Level 3.0 Bows
 + Level 3.0 Crossbows
 + Level 3.0 Throwing
 + Level 3.0 Armour
 + Level 5.5 Dodging
 + Level 5.2 Stealth
 + Level 3.0 Shields
 + Level 3.0 Unarmed Combat
 + Level 5.9 Spellcasting
 + Level 7.5 Conjurations
 + Level 2.4 Hexes
 + Level 2.4 Charms
 + Level 2.4 Summonings
 + Level 2.4 Necromancy
 + Level 2.4 Translocations
 + Level 2.4 Transmutations
 + Level 2.4 Fire Magic
 + Level 2.4 Ice Magic
 + Level 2.4 Air Magic
 + Level 2.4 Earth Magic
 + Level 2.4 Poison Magic
 + Level 3.3 Invocations
 + Level 3.0 Evocations


You had 10 spell levels left.
You knew the following spells:

 Your Spells              Type           Power        Failure   Level  Hunger
a - Magic Dart            Conj           ####         3%          1    None
b - Iskenderun's Mystic   Conj           #####...     28%         4    ####...
c - Dazzling Spray        Conj/Hex       ####..       26%         3    ##.....

Your spell library contained the following spells:

 Spells                   Type           Power        Failure   Level  Hunger
 Searing Ray              Conj           #####.       4%          2    None
 Force Lance              Conj/Tloc      ####....     63%         4    ####...
 Fulminant Prism          Conj/Hex       ####......   63%         4    ####...


Dungeon Overview and Level Annotations

Branches:
Dungeon (5/15)             Temple (1/1) D:5

Altars:
Ashenzari
Cheibriados
Dithmenos
Elyvilon
Fedhas
Gozag
Hepliaklqana
Kikubaaqudgha
Makhleb
Nemelex Xobeh
Qazlal
Sif Muna
Trog
Vehumet
Wu Jian
Xom
Yredelemnul
The Shining One


Innate Abilities, Weirdness & Mutations

Your experience applies equally to all skills.
You have very sharp teeth.
Your uncanny sense of smell can sniff out nearby items.


Message History

The orc wizard completely misses you.
Casting: Iskenderun's Mystic Blast (quite dangerous; 28% risk of failure)
Confirm with . or Enter, or press ? or * to list all spells.
Aiming: Iskenderun's Mystic Blast (quite dangerous; 28% risk of failure)
Press: ? - help, Shift-Dir - straight line, f/p - orc wizard
Aim: an orc wizard, wielding a dagger and wearing a robe (heavily wounded, The orb of energy misses the orc wizard.
The orb of energy explodes!
You are feeling very hungry.
You block the orc wizard's attack.
Casting: Iskenderun's Mystic Blast (quite dangerous; 28% risk of failure)
Confirm with . or Enter, or press ? or * to list all spells.
You don't have enough magic to cast that spell.
Unknown command.
The orc wizard gestures at you while chanting.
The puff of frost hits you!
You feel a terrible chill!
* * * LOW HITPOINT WARNING * * *
The orc priest calls down the wrath of Beogh upon you.
Beogh smites you!
You die...

.o................
....#.........#...
...##.##)##.## ..
.. #.#[.# .# .
##.#########o..##
..
.............###
### .....#######.#
# #.[#######o## #
+# #....@o.o...# #
#.# ∆#...###.....#
###.#
###...........#
....#
........#.##+##
....# .##.....#.#
....# #.....#..
....# #####.####
##..### #.....#
8#....#
.....###.##


You could see an orc priest, an orc wizard and an orc.

Vanquished Creatures
  The ghost of tensugalgo the Slasher, an amateur DrGl (D:3)
  A centaur (D:5)
  An ogre (D:4)
  A scorpion (D:4)
  A howler monkey (D:4)
  A hound (D:4)
  2 orc wizards (D:5)
  2 orc priests
  4 worker ants
  A hound skeleton (D:4)
  A howler monkey skeleton (D:4)
  7 gnolls
  6 adders
  2 oozes
  3 worms (D:2)
  11 dart slugs
  3 leopard geckos
  18 orcs
  A ball python (D:2)
  6 giant cockroaches
  8 goblins
  4 hobgoblins
  3 jackals (D:1)
  3 quokkas (D:4)
  5 bats
  9 frilled lizards
  4 kobolds (D:3)
  7 rats
116 creatures vanquished.

Notes
Turn   | Place    | Note
-------+----------+-------------------------------------------
     0 | D:1      | JedernureinKreuz the Gnoll Conjurer began the quest for the
                  | Orb.
     0 | D:1      | Reached XP level 1. HP: 13/13 MP: 6/6
    75 | D:1      | Reached XP level 2. HP: 19/19 MP: 2/7
   341 | D:1      | Reached XP level 3. HP: 25/25 MP: 6/9
   453 | D:2      | Reached skill level 5 in Spellcasting
   460 | D:2      | Reached skill level 1 in Invocations
   645 | D:2      | Reached skill level 1 in Fighting
   645 | D:2      | Reached skill level 1 in Short Blades
   645 | D:2      | Reached skill level 1 in Long Blades
   645 | D:2      | Reached skill level 1 in Axes
   645 | D:2      | Reached skill level 1 in Maces & Flails
   645 | D:2      | Reached skill level 1 in Polearms
   645 | D:2      | Reached skill level 1 in Staves
   645 | D:2      | Reached skill level 1 in Slings
   645 | D:2      | Reached skill level 1 in Bows
   645 | D:2      | Reached skill level 1 in Crossbows
   645 | D:2      | Reached skill level 1 in Throwing
   645 | D:2      | Reached skill level 1 in Armour
   645 | D:2      | Reached skill level 1 in Shields
   645 | D:2      | Reached skill level 1 in Unarmed Combat
   645 | D:2      | Reached skill level 1 in Evocations
   753 | D:2      | Reached XP level 4. HP: 32/32 MP: 7/11
   789 | D:2      | Found an opulent altar of Gozag.
   789 | D:2      | Found a glowing golden altar of the Shining One.
   858 | D:2      | Learned a level 4 spell: Iskenderun's Mystic Blast
   862 | D:2      | Learned a level 3 spell: Dazzling Spray
  1211 | D:2      | Reached skill level 1 in Hexes
  1211 | D:2      | Reached skill level 1 in Charms
  1211 | D:2      | Reached skill level 1 in Summonings
  1211 | D:2      | Reached skill level 1 in Necromancy
  1211 | D:2      | Reached skill level 1 in Translocations
  1211 | D:2      | Reached skill level 1 in Transmutations
  1211 | D:2      | Reached skill level 1 in Fire Magic
  1211 | D:2      | Reached skill level 1 in Ice Magic
  1211 | D:2      | Reached skill level 1 in Air Magic
  1211 | D:2      | Reached skill level 1 in Earth Magic
  1211 | D:2      | Reached skill level 1 in Poison Magic
  1432 | D:3      | Reached XP level 5. HP: 37/37 MP: 10/12
  2451 | D:3      | Reached XP level 6. HP: 44/44 MP: 8/13
  2978 | D:4      | Reached skill level 5 in Dodging
  3480 | D:4      | Reached XP level 7. HP: 48/50 MP: 3/15
  3980 | D:4      | Found a runed door.
  3985 | D:4      | Noticed tensugalgo's ghost (amateur DrGl)
  4551 | D:3      | Killed tensugalgo's ghost
  4551 | D:3      | Reached skill level 5 in Stealth
  4704 | D:5      | Entered Level 5 of the Dungeon
  4995 | D:5      | Reached XP level 8. HP: 57/57 MP: 3/16
  5019 | D:5      | Found a stormy altar of Qazlal.
  5206 | D:5      | Found a staircase to the Ecumenical Temple.
  5223 | Temple   | Entered the Ecumenical Temple
  5306 | Temple   | Became a worshipper of Sif Muna the Loreminder
  5349 | D:5      | Killed from afar by an orc priest

Skill      XL: |  1  2  3  4  5  6  7  8 |
---------------+-------------------------+-----
Spellcasting   | 5 |  5.9
Invocations    | 1 2 3 |  3.3
Fighting       | 1 2 3 |  3.0
Short Blades   | 1 2 3 |  3.0
Long Blades    | 1 2 3 |  3.0
Axes           | 1 2 3 |  3.0
Maces & Flails | 1 2 3 |  3.0
Polearms       | 1 2 3 |  3.0
Staves         | 1 2 3 |  3.0
Slings         | 1 2 3 |  3.0
Bows           | 1 2 3 |  3.0
Crossbows      | 1 2 3 |  3.0
Throwing       | 1 2 3 |  3.0
Armour         | 1 2 3 |  3.0
Shields        | 1 2 3 |  3.0
Unarmed Combat | 1 2 3 |  3.0
Evocations     | 1 2 3 |  3.0
Hexes          | 1 2 |  2.4
Charms         | 1 2 |  2.4
Summonings     | 1 2 |  2.4
Necromancy     | 1 2 |  2.4
Translocations | 1 2 |  2.4
Transmutations | 1 2 |  2.4
Fire Magic     | 1 2 |  2.4
Ice Magic      | 1 2 |  2.4
Air Magic      | 1 2 |  2.4
Earth Magic    | 1 2 |  2.4
Poison Magic   | 1 2 |  2.4
Dodging        | 5 |  5.5
Stealth        | 5 |  5.2
Conjurations   | |  7.5

Action                   |  1- 3 |  4- 6 |  7- 9 || total
-------------------------+-------+-------+-------++-------
Melee: Dagger            |     2 |    13 |    15 ||    30
       Bite              |       |     5 |     9 ||    14
       Short sword       |       |    32 |    27 ||    59
Throw: Tomahawk          |       |       |     4 ||     4
 Cast: Magic Dart        |    49 |   186 |    61 ||   296
       Iskenderun's Myst |       |     2 |     9 ||    11
       Dazzling Spray    |       |       |     3 ||     3
  Use: Scroll            |       |     5 |     3 ||     8
       Potion            |       |       |     1 ||     1
 Stab: Sleeping          |       |     2 |       ||     2
  Eat: Chunk             |       |     8 |     3 ||    11
       Ration            |       |       |     1 ||     1
Armor: Leather armour    |     2 |    17 |     9 ||    28
Dodge: Dodged            |     1 |    53 |    41 ||    95
Block: Shield            |     7 |    33 |    34 ||    74
